Map: Blackpink LE

Players

ShoWTimE

  • Race: Protoss Protoss
  • Spawn Location: 7:00

Kelazhur - Winner!

  • Race: Terran Terran
  • Spawn Location: 1:00

Event: WCS Leipzig 2018

VOD

Have the link to the VOD?

Description

Time

  • Played on: Jan. 26, 2018, 12:47 p.m.
  • Length: 12:25

All games in this series

Show
View Real Time Build Order
Export as new Build Order

ShoWTimE Protoss 

Build Orders: 1 Gate Expand, Blink Stalkers 

Get SALT Encoding   

  12  0:00  Probe  
  13  0:12  Probe  
  14  0:17  Pylon  
  14  0:24  Probe (Chrono Boost)  
  15  0:36  Probe (Chrono Boost)  
  15  0:37  Gateway  
  16  0:45  Probe (Chrono Boost)  
  16  0:46  Assimilator  
  17  0:51  Probe  
  18  1:03  Probe  
  19  1:15  Probe  
  20  1:23  Nexus  
  20  1:32  Cybernetics Core  
  20  1:35  Probe  
  21  1:41  Assimilator  
  21  1:48  Probe  
  21  1:52  Pylon  
  22  2:00  Probe  
  23  2:08  Adept (Chrono Boost)  
  23  2:10  Warp Gate  
  23  2:12  Probe  
  26  2:21  Twilight Council  
  26  2:24  Probe (Chrono Boost)  
  26  2:27  Stalker (Chrono Boost)  
  29  2:35  Probe (Chrono Boost)  
  31  2:42  Probe (Chrono Boost)  
  32  2:45  Probe (Chrono Boost)  
  32  2:49  Probe (Chrono Boost)  
  32  2:50  Probe (Chrono Boost), Stalker (Chrono Boost)  
  36  3:00  Probe  
  36  3:03  Blink (Chrono Boost)  
  36  3:04  Probe  
  38  3:12  Probe  
  39  3:14  Gateway  
  39  3:24  Gateway  
  37  3:28  Robotics Facility  
  37  3:29  Probe  
  37  3:32  Probe  
  39  3:41  Probe (Chrono Boost)  
  39  3:44  Probe (Chrono Boost)  
  39  3:47  Pylon  
  41  3:52  Probe (Chrono Boost)  
  41  3:54  Probe (Chrono Boost)  
  41  3:55  Assimilator  
  43  3:57  Probe (Chrono Boost)  
  43  3:59  Probe (Chrono Boost)  
  45  4:08  Probe  
  46  4:10  Probe  
  46  4:11  Nexus  
  46  4:13  Pylon  
  46  4:16  Observer (Chrono Boost)  
  48  4:21  Stalker  
  48  4:22  Stalker  
  52  4:26  Stalker  
  52  4:44  Stalker  
  52  4:50  Stalker x2  
  56  4:54  Probe  
  56  4:56  Probe  
  58  5:01  Forge  
  58  5:05  Observer  
  59  5:08  Probe  
  59  5:13  Sentry  
  62  5:16  Pylon  
  62  5:21  Gateway, Charge  
  62  5:25  Gateway  
  62  5:26  Observer  
  63  5:29  Gateway  
  63  5:35  Gateway  
  63  5:36  Observer, Protoss Ground Armor Level 1 (Chrono Boost)  
  63  5:39  Gateway  
  63  5:44  Probe  
  63  5:45  Probe  
  63  5:46  Probe  
  66  5:55  Pylon  
  66  5:56  Probe  
  67  5:57  Probe  
  67  5:58  Probe  
  67  6:00  Warp Prism  
  67  6:03  Stalker  
  73  6:09  Stalker  
  73  6:10  Stalker  
  77  6:11  Observer  
  77  6:17  Pylon  
  76  6:22  Stalker  
  76  6:23  Stalker x2  
  82  6:37  Zealot x4  
  86  6:50  Zealot x3  
  92  6:59  Pylon  
  92  7:02  Pylon  
  92  7:06  Zealot x3  
  98  7:09  Protoss Ground Weapons Level 1 (Chrono Boost)  
  98  7:10  Zealot  
  98  7:12  Pylon  
  100  7:19  Pylon  
  100  7:22  Observer  
  101  7:28  Zealot x5  
  111  7:30  Zealot x3  
  109  7:48  Zealot  
  109  7:49  Zealot x4  
  113  7:53  Warp Prism  
  113  7:56  Zealot x2  
  113  7:57  Zealot x6  
  111  8:01  Pylon  
  109  8:18  Zealot x8  
  125  8:28  Pylon  
  125  8:38  Zealot x8  
  141  8:43  Pylon  
  141  8:46  Pylon  
  141  9:01  Zealot  
  141  9:02  Zealot x6  
  155  9:04  Stalker  
  137  9:33  Stalker x8  
  129  9:57  Zealot x2  
  129  9:58  Zealot  
  99  10:01  Zealot x4  
  99  10:02  Zealot  
  99  10:19  Zealot x3  
  89  10:24  Immortal (Chrono Boost)  
  89  10:28  Zealot x6  
  91  10:40  Sentry, Zealot  
  95  10:48  Zealot x4  
  95  10:49  Zealot x2  
  89  11:07  Zealot x3  
  87  11:15  Zealot x5  
  91  11:28  Zealot x2  
  91  11:29  Zealot  
  69  11:34  Observer  
  69  11:36  Sentry x2  
  69  11:37  Zealot x3  
  64  11:46  Sentry  
  66  11:47  Zealot x2  
  70  12:01  Zealot x4  
  78  12:14  Zealot x2  
Show
View Real Time Build Order
Export as new Build Order

Kelazhur Terran - Winner!

Build Orders: Gas First Reaper Expand, Reaper Expand, MMM Bio 

Get SALT Encoding   

  12  0:00  SCV  
  13  0:12  SCV  
  14  0:17  Supply Depot  
  14  0:24  SCV  
  14  0:28  Refinery  
  15  0:38  SCV  
  16  0:44  Barracks  
  16  0:50  SCV  
  17  1:02  SCV  
  18  1:15  SCV  
  19  1:33  Orbital Command, Reaper  
  20  1:44  Command Center  
  20  1:55  Factory  
  20  1:59  SCV  
  21  2:05  Barracks Reactor  
  21  2:08  Supply Depot  
  21  2:11  SCV  
  22  2:16  Refinery  
  22  2:23  SCV  
  23  2:35  SCV  
  24  2:42  Starport  
  24  2:45  Hellion  
  24  2:46  Hellion  
  24  2:49  SCV  
  29  2:55  Orbital Command  
  29  3:00  Barracks Tech Lab  
  29  3:02  SCV  
  30  3:07  Widow Mine x2  
  34  3:14  SCV  
  35  3:20  Medivac  
  35  3:24  SCV  
  35  3:26  SCV  
  39  3:27  Supply Depot  
  39  3:32  Widow Mine  
  39  3:33  Widow Mine  
  43  3:36  SCV  
  43  3:38  SCV  
  43  3:48  SCV, Supply Depot  
  43  3:53  SCV  
  44  3:58  Marine x2  
  44  4:02  SCV  
  47  4:03  Siege Tank  
  47  4:05  SCV, Barracks  
  51  4:14  SCV, Supply Depot  
  51  4:15  Starport Tech Lab  
  51  4:16  Marine x2  
  54  4:18  SCV  
  54  4:19  Bunker  
  55  4:26  SCV  
  55  4:30  SCV  
  57  4:38  SCV  
  57  4:41  Siege Tank  
  57  4:42  SCV  
  62  4:47  Marine  
  62  4:50  SCV, Command Center, Starport Reactor  
  64  4:55  SCV  
  64  4:57  Marine  
  66  5:03  SCV  
  66  5:04  Refinery  
  66  5:05  Refinery  
  66  5:06  Engineering Bay, Stimpack  
  66  5:07  SCV, Marine x2  
  68  5:15  SCV  
  68  5:17  Supply Depot  
  68  5:18  Supply Depot  
  68  5:19  Marine  
  70  5:32  Terran Infantry Weapons Level 1  
  70  5:38  SCV x2, Marine x3  
  70  5:39  Siege Tank  
  70  5:40  Supply Depot, Medivac  
  70  5:41  Supply Depot  
  80  5:47  Barracks  
  80  5:51  SCV x2  
  80  5:56  Marine x2  
  84  6:01  Medivac, Barracks  
  84  6:02  Barracks  
  84  6:03  SCV x2  
  88  6:07  Marine  
  89  6:14  Marine x2  
  89  6:15  SCV x2  
  93  6:23  Medivac  
  93  6:24  Marine  
  96  6:27  SCV x2  
  96  6:31  Medivac  
  96  6:32  Marine x2  
  98  6:34  Marine  
  98  6:39  SCV x2  
  101  6:45  Marine  
  100  6:48  Marine  
  100  6:49  Marine  
  100  6:50  Orbital Command, Marine  
  100  6:51  SCV x2  
  100  6:53  Medivac  
  103  6:55  Marine  
  103  6:56  Armory  
  103  6:57  Engineering Bay  
  103  6:58  Marine  
  105  7:03  SCV x2  
  105  7:05  Supply Depot x2  
  105  7:07  Combat Shields  
  109  7:15  SCV x2  
  109  7:19  SCV, Factory Reactor  
  109  7:21  Barracks Tech Lab  
  109  7:22  Barracks Tech Lab  
  112  7:23  Marine x2, Marauder  
  112  7:24  Missile Turret  
  112  7:27  SCV x2  
  111  7:31  SCV, Marauder  
  108  7:39  SCV x2  
  108  7:40  Marine x2  
  108  7:41  Marine  
  108  7:43  SCV, Medivac x2  
  115  7:44  Marauder  
  115  7:49  Marine  
  115  7:52  SCV, Marine  
  115  7:54  SCV  
  115  7:55  SCV  
  115  7:56  Terran Infantry Weapons Level 2  
  115  7:57  Refinery  
  115  7:58  Marine x2  
  115  7:59  Marauder  
  115  8:01  Widow Mine  
  115  8:03  Widow Mine  
  115  8:04  SCV  
  124  8:06  Marauder  
  124  8:11  SCV  
  127  8:15  Barracks Reactor  
  127  8:16  SCV, Supply Depot  
  127  8:18  Terran Infantry Armor Level 1  
  128  8:20  Supply Depot  
  128  8:24  Marauder x2  
  132  8:27  SCV  
  133  8:37  Marine x2  
  133  8:38  Widow Mine x2, Marauder  
  133  8:40  Supply Depot  
  141  8:42  SCV x3, Supply Depot  
  141  8:44  Refinery  
  141  8:45  Marine, Marauder  
  141  8:47  Medivac  
  149  8:50  Missile Turret  
  149  8:52  Missile Turret  
  149  9:01  Medivac, Marine x4, Marauder  
  157  9:03  SCV x3, Marine  
  157  9:08  Starport, Marauder  
  163  9:10  Fusion Core  
  158  9:19  Marine  
  158  9:21  Liberator, Marauder  
  124  9:24  Marine  
  124  9:25  Marauder, Marine x2  
  124  9:29  Marine  
  125  9:31  Widow Mine  
  125  9:32  Liberator  
  125  9:37  Marine  
  125  9:45  Marine x4  
  116  9:46  Marine  
  112  9:53  Marine  
  112  9:54  Marine  
  112  9:55  Widow Mine  
  93  10:03  Marine x3  
  93  10:05  Marine x2  
  86  10:15  Marine  
  86  10:16  Marine  
  86  10:21  Marine x2  
  89  10:22  Marine  
  89  10:25  Marine  
  87  10:29  Widow Mine x2, Marine  
  87  10:33  Marine  
  93  10:35  Marine  
  93  10:39  Marine  
  93  10:40  Marine  
  93  10:41  Marine  
  97  10:50  Marine x3  
  97  10:53  Marine  
  98  10:57  Marine  
  98  10:58  Marine  
  98  10:59  Widow Mine  
  98  11:00  Marine  
  89  11:08  Marine  
  82  11:13  Marine, Marauder  
  82  11:18  Marine x3  
  85  11:20  Marine  
  87  11:30  Marine  
  74  11:38  Marine  
  70  11:42  Marine  
  71  11:53  Marine  
  71  11:54  Marine x4  
  72  11:56  Marine  
Tags
 
Add a new tag
Caveats
  • Supply blocks, unpowered buildings, or Contaminate may cause inaccurate times.
  • Supply counts are checked every 10 seconds.